Map: Interloper LE

Players

SpeCial - Winner!

  • Race: Terran Terran
  • Spawn Location: 11:00

Lalugi

  • Race: Zerg Zerg
  • Spawn Location: 5:00

Event: WCS Montreal 2017

VOD

Have the link to the VOD?

Description

Time

  • Played on: Sept. 8, 2017, 11:19 a.m.
  • Length: 6:02

All games in this series

Show
View Real Time Build Order
Export as new Build Order

SpeCial Terran - Winner!

Build Orders: Liberator Opening 

Get SALT Encoding   

  12  0:01  SCV  
  13  0:13  SCV  
  14  0:19  Supply Depot  
  14  0:26  SCV  
  15  0:41  SCV  
  15  0:42  Barracks  
  16  0:46  Refinery  
  16  0:53  SCV  
  17  1:05  SCV  
  18  1:17  SCV  
  19  1:29  Marine  
  19  1:30  Orbital Command  
  20  1:42  Command Center  
  20  1:48  Marine  
  21  1:56  Factory  
  21  2:00  SCV  
  22  2:09  Supply Depot  
  22  2:10  Barracks Reactor  
  22  2:14  SCV  
  23  2:19  Refinery  
  23  2:31  SCV  
  24  2:44  Starport  
  24  2:51  Hellion  
  24  2:52  SCV, Hellion  
  24  2:53  Marine  
  24  2:57  Orbital Command  
  30  3:05  SCV  
  31  3:14  Marine  
  31  3:16  Hellion x2  
  36  3:21  Medivac  
  38  3:29  Armory  
  38  3:34  Barracks Tech Lab  
  38  3:37  Liberator  
  38  3:39  Hellion  
  38  3:40  Hellion  
  42  3:46  SCV  
  44  3:50  Supply Depot  
  46  4:11  SCV x2, Hellion x2  
  46  4:12  Supply Depot  
  52  4:23  SCV x2  
  53  4:33  Hellion x2  
  53  4:35  SCV x2  
  53  4:37  Supply Depot  
  57  4:47  SCV x2  
  57  4:49  Banshee  
  55  4:59  Supply Depot  
  55  5:00  SCV x2  
  55  5:01  Hellion x2  
  59  5:12  SCV x2  
  59  5:22  Supply Depot, Hellion  
  59  5:23  Hellion  
  59  5:24  SCV x2  
  66  5:36  SCV x2  
  68  5:44  Supply Depot  
  68  5:48  SCV x2  
  74  5:54  Barracks Reactor  
  74  5:56  Factory  
  74  6:01  Command Center  
Show
View Real Time Build Order
Export as new Build Order

Lalugi Zerg 

Build Orders: Hatch First 

Get SALT Encoding   

  12  0:06  Drone  
  13  0:20  Overlord  
  13  0:25  Drone  
  14  0:39  Drone x2  
  16  0:43  Drone  
  17  0:56  Hatchery  
  16  0:58  Drone  
  16  1:02  Extractor  
  16  1:05  Drone  
  17  1:21  Spawning Pool  
  17  1:22  Drone  
  17  1:34  Drone  
  17  1:38  Drone  
  19  1:48  Overlord  
  19  2:02  Drone  
  19  2:07  Queen  
  22  2:08  Metabolic Boost  
  22  2:09  Zergling x4  
  24  2:19  Drone  
  24  2:20  Drone  
  24  2:22  Queen  
  28  2:34  Drone x2  
  30  2:40  Drone  
  31  2:51  Drone x2  
  31  2:53  Hatchery  
  31  2:56  Overlord  
  32  3:04  Queen  
  35  3:05  Drone  
  35  3:07  Drone  
  36  3:14  Overlord  
  35  3:20  Drone x2  
  35  3:21  Drone  
  35  3:22  Drone  
  35  3:25  Drone x2  
  40  3:34  Drone  
  40  3:35  Drone  
  40  3:36  Roach Warren  
  40  3:37  Drone  
  42  3:43  Queen  
  42  3:46  Overlord  
  44  3:51  Drone x2  
  44  3:53  Drone  
  47  3:58  Drone  
  47  3:59  Overlord  
  47  4:01  Drone  
  47  4:02  Drone x2  
  51  4:17  Roach  
  51  4:18  Roach x4  
  55  4:25  Roach  
  55  4:30  Roach  
  39  4:40  Roach  
  37  4:49  Roach  
  33  4:55  Drone x4  
  33  4:56  Drone x2  
  33  4:58  Drone  
  33  4:59  Drone  
  39  5:00  Roach  
  41  5:13  Spore Crawler  
  27  5:21  Drone x3  
  28  5:40  Spore Crawler  
  25  5:46  Spore Crawler  
  25  5:49  Drone x2  
Tags
 
Add a new tag
Caveats
  • Supply blocks, unpowered buildings, or Contaminate may cause inaccurate times.
  • Supply counts are checked every 10 seconds.